 Dungeon Crawl Stone Soup version 0.20.1-1-g8b1a95d (webtiles) character file.

280 Gargoyl the Chopper (level 6, -1/53 HPs)
             Began as a Minotaur Abyssal Knight on Oct 8, 2017.
             Was a Priest of Lugonu.
             Slain by an ogre
             ... wielding a +0 giant club
              (26 damage)
             ... on level 4 of the Dungeon.
             The game lasted 00:05:33 (2575 turns).

Gargoyl the Chopper (Minotaur Abyssal Knight)       Turns: 2575, Time: 00:05:34

Health: -1/53      AC: 13    Str: 16    XL:     6   Next: 5%
Magic:  7/7        EV:  4    Int: 11    God:    Lugonu [***...]
Gold:   166        SH:  8    Dex: 12    Spells: 5/5 levels left

rFire    . . .     SeeInvis .   a - +2 hand axe
rCold    + . .     Gourm    .   b - +0 shield
rNeg     . . .     Faith    .   f - +3 chain mail
rPois    .         Spirit   .   (helmet restricted)
rElec    .         Reflect  .   i - +0 cloak
rCorr    .         Harm     .   (no gloves)
MR       .....                  (no boots)
Stlth    ..........             (no amulet)
Regen    0.2/turn               e - +2 ring of intelligence
MPRegen  0.1/turn               d - ring of protection from cold

@: no status effects
A: retaliatory headbutt, horns 2
a: Depart the Abyss, Bend Space, Banish, Renounce Religion


You were on level 4 of the Dungeon.
You worshipped Lugonu.
Lugonu was most pleased with you.
You were not hungry.

You visited 1 branch of the dungeon, and saw 4 of its levels.
You visited the Abyss 1 time.

You collected 166 gold pieces.

Inventory:

Hand Weapons
 a - a +2 hand axe (weapon)
Armour
 b - a +0 shield (worn)
 f - a +3 chain mail (worn)
 i - a +0 cloak (worn)
Jewellery
 d - a ring of protection from cold (right hand)
 e - a +2 ring of intelligence (left hand)
 h - an uncursed ring of flight
Scrolls
 k - a scroll of blinking
 n - 3 scrolls of fog
 o - a scroll of teleportation
Potions
 l - a potion of curing {unknown}
 m - a potion of agility {unknown}
 q - a potion of heal wounds
Comestibles
 c - 3 bread rations
 g - a royal jelly
 j - 2 meat rations


   Skills:
 + Level 4.4 Fighting
 + Level 4.5 Axes
 * Level 4.4 Armour
 + Level 1.3 Dodging
 + Level 1.9 Shields
 * Level 3.1 Invocations


You had 5 spell levels left.
You didn't know any spells.

Dungeon Overview and Level Annotations

Branches:
Dungeon (4/15)
 Temple: D:4-7

Altars:


Innate Abilities, Weirdness & Mutations

You reflexively headbutt those who attack you in melee.
You have a pair of horns on your head.


Message History

o - a scroll of teleportation
q - a potion of heal wounds
Found a stone staircase leading down.
You now have 166 gold pieces (gained 16).
Eating a chunk of flesh.
You eat the chunk of flesh.
This raw flesh tastes terrible.
An ogre comes into view. It is wielding a giant club.
The ogre shouts!
An ogre is nearby!
The ogre hits you with a giant club.
You hit the ogre. Your headbutt misses the ogre.
The ogre is lightly wounded.
The ogre hits you with a giant club!
You completely miss the ogre.
The ogre is lightly wounded.
The ogre hits you with a giant club!
Your shield prevents you from hitting the ogre.
The ogre is lightly wounded.
The ogre hits you with a giant club!!
You die...

#........##.##.# #.#
####.#.#.##.##.####.#
#..###.#.....)...#
###.#.####........
##..####..#####.
####..........# #.
#.......#.....###.
#.##.##.#.......#.
#@##.##.#.........
#O#..##.#.......#.
#.#.###.##.#######
#.......##........
###.#######.......
... #.#####. ##.#
#.#####. .. #.##....
#.#.##.##.


You could see an ogre.

Vanquished Creatures
  A big kobold (D:4)
  A scorpion (D:4)
  7 adders
  An ooze (D:2)
  3 worms
  A dart slug (D:2)
  3 leopard geckos
  An orc (D:3)
  5 bats
  2 giant cockroaches
  8 goblins
  10 hobgoblins
  6 jackals
  9 kobolds
  2 quokkas
  5 frilled lizards
  A leopard gecko skeleton (D:4)
  12 rats
78 creatures vanquished.

Notes
Turn   | Place    | Note
-------+----------+-------------------------------------------
     0 | Abyss:1  | Gargoyl the Minotaur Abyssal Knight began the quest for the Orb.
     0 | Abyss:1  | Reached XP level 1. HP: 19/19 MP: 1/1
    54 | Abyss:1  | Noticed an apocalypse crab
    91 | Abyss:2  | Noticed an orange demon
   101 | Abyss:2  | Noticed a bone dragon
   105 | Abyss:2  | Noticed a raiju
   105 | D:1      | Escaped the Abyss
   154 | D:1      | Reached * piety under Lugonu
   256 | D:1      | Reached XP level 2. HP: 26/27 MP: 2/2
   715 | D:2      | Reached XP level 3. HP: 33/33 MP: 3/3
   950 | D:2      | Reached ** piety under Lugonu
   995 | D:2      | Reached XP level 4. HP: 15/40 MP: 4/4
  1431 | D:2      | Reached skill level 1 in Shields
  1895 | D:3      | Reached XP level 5. HP: 47/47 MP: 6/6
  2065 | D:3      | Reached *** piety under Lugonu
  2475 | D:4      | Reached XP level 6. HP: 48/53 MP: 7/7
  2575 | D:4      | Slain by an ogre

Skill      XL: |  1  2  3  4  5 |
---------------+----------------+-----
Armour         | 3 4 |  4.4
Invocations    | 2 3 |  3.1
Fighting       | 4 |  4.4
Axes           | 3 4 |  4.5
Shields        | 1 |  1.9
Dodging        | |  1.3

Action                   |  1- 3 |  4- 6 || total
-------------------------+-------+-------++-------
Melee: Hand axe          |    97 |   117 ||   214
       Headbutt          |    12 |    14 ||    26
Invok: Depart the Abyss  |     1 |       ||     1
  Use: Scroll            |     4 |     5 ||     9
       Potion            |     2 |       ||     2
  Eat: Chunk             |       |     6 ||     6
Armor: Ring mail         |    20 |       ||    20
       Chain mail        |    37 |    84 ||   121
Dodge: Dodged            |    27 |    17 ||    44
Block: Shield            |    39 |    41 ||    80
